 Dungeon Crawl Stone Soup version 0.28-b1-25-g9875b3fc8c (webtiles) character file.

Game seed: 14084823604399061516

9 sanka the Magician (level 2, -2/16 HPs)
             Began as a Deep Elf Transmuter on Feb 8, 2022.
             Slain by a hobgoblin (4 damage)
             ... on level 1 of the Dungeon.
             The game lasted 00:00:24 (488 turns).

sanka the Magician (Deep Elf Transmuter)             Turns: 488, Time: 00:00:25

Health: -2/16      AC:  2    Str:  7    XL:     2   Next: 3%
Magic:  8/9        EV: 12    Int: 17    God:
Gold:   10         SH:  0    Dex: 15    Spells: 8/9 levels left

rFire   . . .      SeeInvis .     - Unarmed
rCold   . . .      Faith    .   (no shield)
rNeg    . . .      Spirit   .   a - +0 robe
rPois   .          Reflect  .   (helmet currently unavailable)
rElec   .          Harm     .   (no cloak)
rCorr   .          Rampage  .   (no gloves)
Will    .....                   (boots currently unavailable)
Stlth   +.........              (no amulet)
HPRegen 0.05/turn               (no ring)
MPRegen 0.11/turn               (no ring)

@: appendages (expiring)
A: horns 2, talons 2
a: End Transformation


You were on level 1 of the Dungeon.
You had temporarily grown beastly horns and talons.
You visited 1 branch of the dungeon, and saw 2 of its levels.

You collected 10 gold pieces.

Inventory:

Armour
 a - a +0 robe (worn)
Scrolls
 b - a scroll of teleportation {unknown}
 c - a scroll of acquirement {unknown}


   Skills:
 - Level 0.7 Fighting
 - Level 2.4 Dodging
 - Level 2.4 Unarmed Combat
 + Level 4.0 Spellcasting
 - Level 2.1 Transmutations


You had 8 spell levels left.
You knew the following spells:

 Your Spells              Type           Power      Damage    Failure   Level
a - Beastly Appendage     Tmut           20%        N/A       6%          1

Your spell library contained the following spells:

 Spells                   Type           Power      Damage    Failure   Level
 Wereblood                Tmut           10%        N/A       10%         2
 Spider Form              Tmut/Pois      7%         N/A       30%         3
 Ice Form                 Ice/Tmut       7%         N/A       69%         4


Dungeon Overview and Level Annotations

Branches:
Dungeon (2/15)

Altars:


Innate Abilities, Weirdness & Mutations

You have temporarily grown beastly horns and talons.


Message History

A hobgoblin comes into view.
The ball python misses you. The ball python grabs you.
The ball python constricts you. The goblin hits you but does no damage.
There is a stone staircase leading down here.
Unknown command.
The hobgoblin shouts!
You hit the endoplasm but do no damage.
You claw the endoplasm, but do no damage.
You headbutt the endoplasm.
You kill the endoplasm!
The ball python closely misses you. The ball python constricts you.
The goblin hits you but does no damage.
You hit the ball python.
The ball python is severely wounded.
The ball python bites you. The ball python constricts you.
The goblin hits you with a +0 dagger.
You barely miss the ball python.
The ball python is severely wounded.
The ball python bites you.
* * * LOW HITPOINT WARNING * * *
The ball python constricts you.
* * * LOW HITPOINT WARNING * * *
The goblin closely misses you. The ball python barely misses you.
The ball python constricts you.
A bat comes into view.
You escape the ball python's grasp.
Found a stone staircase leading down.
You hit the goblin. You claw the goblin. You headbutt the goblin.
You kill the goblin!
Your transformation is almost over.
Your Spellcasting skill increases to level 4!
You have reached level 2!
You barely miss the ball python. You headbutt the ball python.
You kill the ball python!
You closely miss the bat. Your kick misses the bat. The bat closely misses you.
The bat barely misses you. The bat closely misses you.
You see here 8 gold pieces.
You hit the hobgoblin but do no damage. Your kick misses the hobgoblin.
The bat closely misses you. The hobgoblin hits you.
You die...

#...##..............#
##...##...............##
##...##................
####...##.............#
.....#..#............>#
#..#.##.#.............#
.###..#.#.............#
........#......g......#
##..#####....>.b@.$..#
#..##........##.....##
..##.........########
.##.....(....#
##......###..#
#..#........###
..##..........#
.#######รท.###.# ##
#......###


You could see a hobgoblin and a bat.

Vanquished Creatures
  2 ball pythons
  3 endoplasms (D:1)
  A goblin (D:1)
  A hobgoblin (D:1)
7 creatures vanquished.

Notes
Turn   | Place    | Note
-------+----------+-------------------------------------------
     0 | D:1      | sanka the Deep Elf Transmuter began the quest for the Orb.
     0 | D:1      | Reached XP level 1. HP: 11/11 MP: 6/6
   484 | D:1      | Reached skill level 4 in Spellcasting
   484 | D:1      | Reached XP level 2. HP: 2/16 MP: 7/9
   488 | D:1      | Slain by a hobgoblin

Illustrated notes

Levels and vault maps discovered:
D:1:      dpeg_chamrin_arrival_tetris, layout_rooms,
          hellmonk_ecumenical_altar_zigzags, st_stairs_14,
          minmay_misc_feat_columns, chequers_arboretum
D:2:      wad_crossroads, layout_basic

Skill      XL: |  1 |
---------------+----+-----
Spellcasting   | 4 |  4.0
Fighting       | |  0.7
Dodging        | |  2.4
Unarmed Combat | |  2.4
Transmutations | |  2.1

Action                   || total
-------------------------++-------
Melee: Unarmed           ||    16
       Kick              ||     8
       Headbutt          ||     4
 Cast: Beastly Appendage ||     4
 Stab: Sleeping          ||     1
Armor: Robe              ||     3
Dodge: Dodged            ||    11
